 Dungeon Crawl Stone Soup version 0.17.2-1-ge4368a0 (webtiles) character file.

46 Goblin1989 the Shield-Bearer (level 3, -2/26 HPs)
             Began as a Halfling Fighter on Oct 18, 2016.
             Slain by a gnoll (4 damage)
             ... on level 3 of the Dungeon.
             The game lasted 00:05:30 (1892 turns).

Goblin1989 the Shield-Bearer (Halfling Fighter)     Turns: 1892, Time: 00:05:30

Health: -2/26      AC:  9    Str: 22    XL:     3   Next: 95%
Magic:  3/3        EV:  9    Int:  7    God:
Gold:   158        SH: 10    Dex: 13    Spells: 0 memorised, 2 levels left

rFire  . . .     SeeInvis .     a - +0 long sword
rCold  . . .     Clarity  .     b - +0 scale mail
rNeg   . . .     SustAt   .     c - +0 shield
rPois  .         Gourm    .     (no helmet)
rElec  .         Spirit   .     (no cloak)
rCorr  .         Warding  .     n - +0 pair of gloves
rMut   .         Stasis   .     q - +0 pair of boots (curse)
MR     .....                    (no amulet)
Stlth  ..........               (no ring)
                                (no ring)

@: mighty, not resistant to hostile enchantments, extremely unstealthy
A: mutation resistance 1
a: no special abilities


You were on level 3 of the Dungeon.
You were not hungry.

You visited 1 branch of the dungeon, and saw 3 of its levels.

You collected 158 gold pieces.

Inventory:

Hand Weapons
 a - a +0 long sword (weapon)
Armour
 b - a +0 scale mail (worn)
 c - a +0 shield (worn)
 n - a +0 pair of gloves (worn)
 q - a cursed +0 pair of boots (worn)
Scrolls
 f - a scroll of enchant weapon {unknown}
 g - a scroll of amnesia {unknown}
 i - a scroll of blinking {unknown}
 o - 2 scrolls of teleportation {unknown}
 p - a scroll of identify {unknown}
Potions
 d - 2 potions of might
 h - 2 potions of brilliance {unknown}
 j - a potion of flight {unknown}
 m - a potion of curing {unknown}
Books
 l - a book of Maledictions

   Spells                             Type                      Level
   a - Corona                         Hexes                        1
   b - Ensorcelled Hibernation        Hexes/Ice                    2
   c - Confuse                        Hexes                        3
   d - Tukima's Dance                 Hexes                        3
   e - Dazzling Spray                 Conjuration/Hexes            3
Comestibles
 e - 4 bread rations {@e1}


   Skills:
 + Level 3.1 Fighting
 * Level 2.8 Long Blades
 + Level 3.6 Armour
 + Level 3.6 Shields


You had 2 spell levels left.
You didn't know any spells.

Dungeon Overview and Level Annotations

Branches:
Dungeon (3/15)

Altars:
Qazlal


Innate Abilities, Weirdness & Mutations

You are small and have problems with some larger weapons.
You are somewhat resistant to further mutation.


Message History

You block the gnoll's attack. x2
You block the gnoll's attack.
There is an open door here.
Found 11 gold pieces.
You see here a fuming coppery potion.
An orc opens the door.
You slash the orc!
The orc is severely wounded.
The orc hits you but does no damage.
You barely miss the orc.
The orc is severely wounded.
The orc closely misses you. You block the orc's attack.
You slash the orc!
You kill the orc!
You slash the gnoll!
The gnoll is almost dead.
The gnoll hits you from afar with a spear.
* * * LOW HITPOINT WARNING * * *
The gnoll hits you.
You die...

........(.$........██████
...<...█.██g██...█.█§§§§§
.........oog.....█.█§§§§§
....∆████████o...█.█§§§§§
!... .......!█...█.█ §§§§
... .▲████∆o█...█


████████ .. █....█g█..... █....... █.██ █g█...█████....... █@█...██..........
█.█...██.......... ▲.█...██........█. $.█ ██████...█. ██▲ █████. .. .██ You
could see 2 gnolls and 2 orcs.

Vanquished Creatures
  A gnoll (D:3)
  2 giant geckos (D:1)
  An orc (D:3)
  2 bats
  2 giant cockroaches
  2 goblins (D:1)
  5 hobgoblins
  6 jackals (D:2)
  A quokka (D:2)
  5 giant newts
  A kobold (D:1)
  3 rats
31 creatures vanquished.

Notes
Turn   | Place    | Note
--------------------------------------------------------------
     0 | D:1      | Goblin1989 the Halfling Fighter began the quest for the Orb.
     0 | D:1      | Reached XP level 1. HP: 15/15 MP: 1/1
     0 | D:1      | Noticed an ice dragon
     0 | D:1      | Noticed a large abomination
     1 | D:1      | Noticed an iron dragon
     3 | D:1      | Noticed a shadow dragon
     7 | D:1      | Noticed a tentacled monstrosity
    10 | D:1      | Noticed an iron dragon
    10 | D:1      | Noticed a purple draconian
    12 | D:1      | Noticed a large abomination
    14 | D:1      | Noticed a golden dragon
    16 | D:1      | Noticed a tentacled monstrosity
    16 | D:1      | Noticed a red draconian
    18 | D:1      | Noticed a tentacled monstrosity
   254 | D:1      | Reached XP level 2. HP: 20/20 MP: 2/2
   880 | D:2      | Reached XP level 3. HP: 23/26 MP: 3/3
  1834 | D:3      | Found a stormy altar of Qazlal.
  1892 | D:3      | Slain by a gnoll

Action                   || total
-------------------------++-------
Melee: Long sword        ||   112
  Use: Potion            ||     1
  Eat: Meat ration       ||     1
       Chunk             ||     1

Vault maps used:
D:1:      shiori_arrival_whats_in_store_for_you
D:3:      lemuel_upstairs_altar, nicolae_qazlal_eye_of_the_storm,
          ecumenical_altar_1, minivault_11, tgw_kikubaaqudgha
